 Dungeon Crawl Stone Soup version 0.31-a0-1068-g5939ac1fb6 (webtiles) character file.

Game seed: 15860829120864239325

74 Conn the Sneak (level 4, -3/27 HPs)
             Began as an Octopode Fire Elementalist on Nov 24, 2023.
             Slain by Terence
             ... wielding a +0 hand axe
              (10 damage)
             ... on level 2 of the Dungeon.
             The game lasted 00:03:47 (1458 turns).

Conn the Sneak (Octopode Fire Elementalist)         Turns: 1458, Time: 00:03:47

Health: -3/27      AC:  1    Str:  7    XL:     4   Next: 30%
Magic:  7/7        EV: 13    Int: 19    God:
Gold:   138        SH:  0    Dex: 12    Spells: 2/8 levels left

rFire   . . .        c - +0 dagger (venom)
rCold   . . .        (no shield)
rNeg    . . .        (helmet restricted)
rPois   .            b - amulet of magic regeneration
rElec   .            d - ring of wizardry
rCorr   .            (no ring)
SInv    .            (no ring)
Will    .....        (no ring)
Stlth   +++          (no ring)
HPRegen 0.24/turn    (no ring)
MPRegen 0.50/turn    (no ring)
                     (no ring)

%: wizardry (x1)
@: no status effects
A: almost no armour, amphibious, 8 rings, camouflage 1, gelatinous body 1,
(nimble swimmer 1), tentacles
a: no special abilities


You were on level 2 of the Dungeon.
You visited 1 branch of the dungeon, and saw 2 of its levels.

You collected 138 gold pieces.

Inventory:

Hand Weapons
 c - a +0 dagger of venom (weapon)
Jewellery
 b - an amulet of magic regeneration (around mantle)
 d - a ring of wizardry (left tentacle)
Scrolls
 e - a scroll of identify {unknown}
 f - a scroll of fear
Potions
 a - a potion of magic


   Skills:
 + Level 2.5 Dodging
 + Level 3.5 Stealth
 * Level 2.5 Spellcasting
 * Level 2.0 Conjurations
 * Level 0.6 Hexes
 + Level 3.3 Fire Magic


You had 2 spell levels left.
You knew the following spells:

 Your Spells              Type           Power      Damage    Failure   Level
a - Foxfire               Conj/Fire      48%        2x1d6     2%          1
b - Scorch                Fire           30%        2d6       2%          2
c - Inner Flame           Hex/Fire       10%        N/A       9%          3

Your spell library contained the following spells:

 Spells                   Type           Power      Damage    Failure   Level
 Volatile Blastmotes      Fire/Tloc      16%        2d11      10%         3
 Flame Wave               Conj/Fire      12%        2d6       21%         4


Dungeon Overview and Level Annotations

Branches:
Dungeon (2/15)

Altars:

Annotations:
D:2 Terence


Innate Abilities, Weirdness & Mutations

You cannot wear most types of armour.
You are amphibious.
You can wear up to eight rings at the same time.
Your skin changes colour to match your surroundings (Stealth+).
Your rubbery body absorbs attacks. (AC +1, EV +1)
((You are camouflaged when in or above water. (Stealth+)))
You have tentacles for arms and can constrict up to eight enemies at once.


Message History

The ball python constricts you.
Unknown command.
You hit the adder but do no damage.
The adder is poisoned.
The adder is severely wounded.
You constrict the adder. The adder bites you.
You are poisoned.
The adder poisons you! The ball python closely misses you.
The ball python constricts you.
Unknown command.
You escape the ball python's grasp.
You release your grip on the adder.
You feel sick.
The foxfire hits the adder.
You kill the adder!
You see here a +0 leather armour.
Unknown command.
You hit the ball python but do no damage.
The ball python is poisoned.
Your grab misses the ball python.
You feel sick. The ball python barely misses you. The ball python misses you.
Unknown command.
You hit the ball python but do no damage.
The ball python looks as sick as possible!
You grab the ball python. You constrict the ball python.
You feel sick.
You kill the ball python!
Unknown command.
You barely miss the hobgoblin. You grab the hobgoblin.
You constrict the hobgoblin, but do no damage.
You feel sick.
You are no longer poisoned.
The hobgoblin barely misses you.
Unknown command.
Unknown command.
You hit the hobgoblin.
The hobgoblin is poisoned.
You squeeze the hobgoblin.
You kill the hobgoblin!
Your Conjurations skill increases to level 2!
You see here 3 stones.
Terence attacks as he pursues you! Terence barely misses you.
Terence attacks as he pursues you! Terence hits you with a +0 hand axe.
* * * LOW HITPOINT WARNING * * *
Terence attacks as he pursues you! Terence hits you with a +0 hand axe!
You die...
Terence says, "Rest in peace."

#.# #.# .#.# #.# #.#
#.# #.#.# #.# #.# #.#
##.#.# #.##
#.#####.###<...# #..
### ..)......#.....##
#.###....#
......).........#
#.K)K.....
..######.#.....##
#[#.....[. ###
#.#....######K##K.....
#........@@.(.# ♣..8..
###.########### @....
#.# .... #<# _.. #.#
... #.# #. .


You could see Terence and a kobold.

Vanquished Creatures
  Jessica (D:2)
  2 adders (D:2)
  A dart slug (D:2)
  3 endoplasms
  A giant cockroach (D:1)
  4 goblins
  4 hobgoblins
  4 kobolds (D:1)
  2 quokkas
  A ball python (D:2)
  A bat (D:1)
  3 rats (D:1)
27 creatures vanquished.

Vanquished Creatures (others)
  45 foxfires
45 creatures vanquished.

Grand Total: 72 creatures vanquished

Notes
Turn   | Place    | Note
-------+----------+-------------------------------------------
     0 | D:1      | Conn the Octopode Fire Elementalist began the quest for the
                  | Orb.
     0 | D:1      | Reached XP level 1. HP: 11/11 MP: 3/3
   225 | D:1      | Reached XP level 2. HP: 17/17 MP: 5/5
  1134 | D:2      | Noticed Terence
  1203 | D:1      | Learned a level 2 spell: Scorch
  1344 | D:2      | Reached XP level 3. HP: 21/21 MP: 6/6
  1348 | D:2      | Learned a level 3 spell: Inner Flame
  1385 | D:2      | Noticed Jessica
  1388 | D:2      | Killed Jessica
  1389 | D:2      | Reached XP level 4. HP: 23/27 MP: 3/7
  1438 | D:2      | Found a faded altar of an unknown god.
  1458 | D:2      | Slain by Terence

Illustrated notes

Levels and vault maps discovered:
D:1:      dpeg_arrival_morbid_curiosity, layout_basic, minivault_26,
          minmay_statues_item
D:2:      layout_loops_ring, hellmonk_ecumenical_altar_arch_garden,
          uniq_jessica, uniq_robin, uniq_terence

Skill      XL: |  1  2  3  4 |
---------------+-------------+-----
Stealth        | 3 |  3.5
Conjurations   | 2 |  2.0
Dodging        | |  2.5
Spellcasting   | |  2.5
Hexes          | |  0.6
Fire Magic     | |  3.3

Action                     |  1- 3 |  4- 6 || total
---------------------------+-------+-------++-------
  Melee: Unarmed           |     5 |       ||     5
         Constrict         |     4 |     4 ||     8
         Tentacles         |     2 |     2 ||     4
         Dagger            |    13 |    11 ||    24
   Cast: Foxfire           |    23 |     6 ||    29
         Scorch            |     1 |       ||     1
         Inner Flame       |     1 |       ||     1
    Use: Scroll            |     3 |       ||     3
   Stab: Sleeping          |     5 |       ||     5
 Armour: Skin              |    10 |     7 ||    17
  Dodge: Dodged            |    14 |     8 ||    22

Table legend: (Time is in decaauts)
 A = Elapsed time spent in this place.
 B = Non-inter-level travel time spent in this place.
 C = Inter-level travel time spent in this place.
 D = Time resting spent in this place.
 E = Time spent auto-exploring this place.
 F = Levels seen in this place.
 G = Mean time per level.
                   A        B        C        D        E       F      G
               +--------+--------+--------+--------+--------+-----+--------+
         Total |   1457 |   1447 |     10 |      0 |    958 |   2 |  728.5 |
       Dungeon |   1457 |   1447 |     10 |      0 |    958 |   2 |  728.5 |
               +--------+--------+--------+--------+--------+-----+--------+

Top non-repeatable levels by time:
     D:1: 1059 daAuts
     D:2: 398 daAuts
